Cogmind - Beta 11 X8 @@@ ROGUE MODE // 2021.10.21 @ 18:54:00 Player: Heavyrisk Result: Self-destructed Performance ------------- Evolutions (3) 1500 Regions Visited (7) 1400 Robots Destroyed (88) 440 Value Destroyed (4151) 4151 Prototype IDs (8) 160 Alien Tech Used (0) 0 Bonus (879) 879 TOTAL SCORE: 8530 Bonus ------- High Alert Combat Kills 179 Entered Garrisons 200 Used RIF Installer 500 Cogmind --------- Core Integrity 541/700 Matter 260/300 Energy 150/150 System Corruption 2% Temperature Warm (175) Movement Walking (190) Ox1 Location -7/Factory Parts ------- > --- POWER (1) -------- Micro Nuclear Core > --- PROPULSION (5) --- Carbon-fiber Leg Carbon-fiber Leg Carbon-fiber Leg > --- UTILITY (5) ------ Coolant Injector Coolant Injector High-capacity Storage Unit Improved Medium Armor Plating Layered Light Armor Plating > --- WEAPON (2) ------- Heavy Ion Cannon Plasma Cannon > --- INVENTORY (20) --- Light Nuclear Core Advanced Heat Sink Transport Network Coupler Transmission Jammer Hardened Medium Armor Plating Hardened Medium Armor Plating Relay Coupler [NC] (25) Relay Coupler [Heavy] (14) Heavy Ion Cannon Heavy Ion Cannon Plasma Cannon Advanced Assault Cannon Shock Bomb Launcher Missile Launcher Remote Datajack Remote Datajack Great Axe Peak State ------------ > --- POWER ------------ Micro Nuclear Core > --- PROPULSION ------- Aluminum Leg Carbon-fiber Leg Carbon-fiber Leg Carbon-fiber Leg Gravmag System > --- UTILITY ---------- Coolant Injector High-capacity Storage Unit Improved Medium Armor Plating Layered Light Armor Plating Relay Coupler [Sentry] > --- WEAPON ----------- Heavy Ion Cannon Plasma Cannon > --- INVENTORY -------- Light Nuclear Core Advanced Heat Sink Coolant Injector Transport Network Coupler Transmission Jammer Hardened Medium Armor Plating Hardened Medium Armor Plating Relay Coupler [NC] Relay Coupler [Heavy] Heavy Ion Cannon Heavy Ion Cannon Plasma Cannon Advanced Assault Cannon Shock Bomb Launcher Missile Launcher Remote Datajack Remote Datajack Great Axe [Rating: 49] Favorites ----------- Power Heavy Ion Engine Engine Heavy Ion Engine Power Core Micro Nuclear Core Propulsion Light Treads Treads Light Treads Leg Aluminum Leg Hover Unit Gravmag System Utility High-capacity Storage Unit Device Coolant Injector Storage High-capacity Storage Unit Processor Advanced Targeting Computer Hackware Relay Coupler [Sentry] Protection Hardened Medium Armor Plating Weapon Heavy Ion Cannon Energy Gun Electrolaser Energy Cannon Heavy Ion Cannon Ballistic Gun Light Assault Rifle Launcher Missile Launcher Slashing Weapon Katana Build | -11 -10 -10 -10 -9 -8 -8 -7 ------- Run | Scr Mat Min Exi Min Mat Gar Fac Slots Evolved 6 | . . . . . 4 . 2 Power . | . . . . . . . . Propulsion 3 | . . . . . 3 . . Utility 3 | . . . . . 1 . 2 Weapon . | . . . . . . . . Parts Attached 109 | 6 2 5 . 6 51 13 26 Power 10 | 1 . . . 1 3 1 4 Engine 6 | 1 . . . 1 2 1 1 Core 4 | . . . . . 1 . 3 Reactor . | . . . . . . . . Propulsion 38 | 2 . 2 . 2 23 4 5 Treads 17 | . . . . . 14 3 . Leg 19 | 2 . 2 . 2 9 1 3 Wheel . | . . . . . . . . Hover 2 | . . . . . . . 2 Flight . | . . . . . . . . Utility 32 | 1 2 2 . 1 12 . 14 Device 11 | . . 1 . . 4 . 6 Storage 6 | 1 1 . . . 4 . . Processor 1 | . . . . . 1 . . Hackware 1 | . . . . . . . 1 Protection 13 | . 1 1 . 1 3 . 7 Artifact . | . . . . . . . . Weapon 29 | 2 . 1 . 2 13 8 3 Energy Gun 11 | . . 1 . 1 7 2 . Energy Cannon 7 | . . . . . 1 4 2 Ballistic Gun 6 | 2 . . . 1 3 . . Ballistic Cannon . | . . . . . . . . Launcher 3 | . . . . . 1 2 . Special Weapon . | . . . . . . . . Impact Weapon . | . . . . . . . . Slashing Weapon 2 | . . . . . 1 . 1 Piercing Weapon . | . . . . . . . . Special Melee Weapon . | . . . . . . . . Unidentified Prototypes 5 | . . . . . 4 . 1 Corrupted Parts 1 | . . . . 1 . . . System Corruption 8 | . . . . 8 . . . Parts Lost 36 | . . 2 . 4 18 6 6 Power 2 | . . . . . . 1 1 Propulsion 19 | . . . . 1 11 2 5 Utility 5 | . . 1 . 1 3 . . Weapon 10 | . . 1 . 2 4 3 . Highest Loss Streak 12 | . . 1 . 3 12 3 2 Average Slot Usage (%) 97 | . 92 100 100 100 97 96 97 Engine 9 | . 14 14 14 14 8 9 4 Treads 21 | . . . . . 37 39 16 Leg 14 | . 28 28 28 28 7 2 10 Hover 1 | . . . . . . . 7 Device 9 | . . 4 14 10 7 9 9 Storage 10 | . 14 14 14 14 9 9 7 Processor 4 | . . . . . 8 9 4 Protection 3 | . 7 9 . 3 . . 14 Energy Gun 9 | . . 4 14 14 13 5 . Energy Cannon 4 | . . . . . . 11 14 Ballistic Gun 6 | . 28 23 14 13 4 . . Naked Turns . | . . . . . . . . Heaviest Build 79 | 12 54 56 50 59 56 63 79 Greatest Support 105 | 20 20 20 20 20 105 105 83 Greatest Overweight (x) 2 | . 2 2 2 2 1 . 1 Average Overweight (x) . | . . 2 2 2 . . . Largest Inventory Capacity 20 | 8 20 20 20 20 20 20 20 Average Capacity 19 | 7 12 20 20 20 18 20 20 Most Carried 20 | 4 13 17 17 20 20 20 20 Average Carried 18 | 1 8 15 17 18 18 19 19 Final Capacity 20 | 8 20 20 20 20 20 20 20 Final Carried 20 | 4 13 17 17 20 20 20 17 Class Distribution -------------------- 53% | Scavenger-Mutant 28% | Mutant 18% | Bothacker-Mutant Dominant Class ---------------- Mutant | -10/Materials Mutant | -10/Mines Scavenger-Mutant | -10/Exiles Scavenger-Mutant | -9/Mines Scavenger-Mutant | -8/Materials Mutant | -8/Garrison Bothacker-Mutant | -7/Factory Resources | -11 -10 -10 -10 -9 -8 -8 -7 ----------- Run | Scr Mat Min Exi Min Mat Gar Fac Matter Collected 1689 | 222 78 100 . 106 758 220 205 Remotely . | . . . . . . . . Salvage Created 3756 | 100 131 261 . 146 1614 924 580 Parts 184 | . 5 15 . 4 89 47 24 Haulers Intercepted 6 | . . . . . 6 . . Recyclers Shooed 1 | . . . . . 1 . . Parts Field Recycled . | . . . . . . . . Retrieved Matter . | . . . . . . . . Parts Self-Destructed . | . . . . . . . . Prevented . | . . . . . . . . Kills | -11 -10 -10 -10 -9 -8 -8 -7 ------- Run | Scr Mat Min Exi Min Mat Gar Fac Combat Hostiles Destroyed 78 | . 3 6 . 6 24 25 14 Guns 41 | . 3 6 . 6 22 4 . Cannons 26 | . . . . . 1 11 14 AOE 11 | . . . . . 1 10 . Classes Destroyed 15 | 1 1 . . 3 7 2 1 Worker 2 | . . . . . 2 . . Tunneler 1 | . . . . . 1 . . Hauler 6 | . . . . . 6 . . Recycler 2 | 1 . . . . 1 . . Operator 1 | . . . . . 1 . . Watcher 1 | . . . . . . 1 . Swarmer 7 | . . . . . . 4 3 Grunt 47 | . 3 6 . 1 12 18 7 Brawler 3 | . . . . 1 2 . . Duelist 1 | . . . . . 1 . . Sentry 11 | . . . . . 8 3 . Demolisher 1 | . . . . 1 . . . Hunter 2 | . . . . . 1 . 1 Programmer 3 | . . . . . . . 3 Assembled 3 | . . . . 3 . . . Best Kill Streak 11 | 1 2 4 . 2 6 11 3 Combat Bots Only 11 | . 2 4 . 2 4 11 3 Max Kills in Single Turn 3 | 1 2 1 . 1 1 3 1 Gunslinging 1 | . 1 . . . . . . Exploded 3 | . . . . . 1 3 . Melee . | . . . . . . . . Uniques/NPCs Destroyed . | . . . . . . . . Combat | -11 -10 -10 -10 -9 -8 -8 -7 -------- Run | Scr Mat Min Exi Min Mat Gar Fac Damage Taken 6514 | . 208 390 . 630 2357 1555 1374 Core 606 | . 50 18 . 85 197 97 159 Absorbed by Shields . | . . . . . . . . Core Remaining (%) 61 | 100 . . . 38 . 46 . Volleys Fired 253 | 4 13 26 . 24 87 60 39 Largest 2 | 2 2 2 . 2 2 2 2 Hottest 145 | 40 40 85 . 105 131 130 145 Shots Fired 481 | 8 26 52 . 48 160 110 77 Gun 318 | 8 26 52 . 48 149 35 . Cannon 154 | . . . . . 9 68 77 Launcher 9 | . . . . . 2 7 . Special . | . . . . . . . . Kinetic 142 | 8 26 48 . 18 42 . . Thermal 330 | . . 4 . 30 116 103 77 Explosive 7 | . . . . . 2 5 . Electromagnetic 2 | . . . . . . 2 . Robot Hit Streak 26 | 3 5 8 . 14 26 18 10 Robot Miss Streak 4 | 1 3 4 . 2 3 3 4 Penetration Max 1 | . . . . . 1 . . Secondary Targets 4 | . 1 1 . . 1 1 . Max Gunslinging Chain 1 | . 1 1 . . 1 1 . Shots Hit Robots 333 | 6 18 35 . 33 117 74 50 Core Hits 172 | 3 8 19 . 14 57 49 22 Critical Kills . | . . . . . . . . Critical Parts Destroyed 1 | . . . . . 1 . . Critical Strikes 10 | . . . . 1 5 4 . Burn 9 | . . . . 1 4 4 . Destroy 1 | . . . . . 1 . . Melee Attacks 2 | . . . . . 2 . . Impact . | . . . . . . . . Slashing 2 | . . . . . 2 . . Piercing . | . . . . . . . . Sneak Attacks . | . . . . . . . . Combat Hostiles . | . . . . . . . . Follow-up Attacks . | . . . . . . . . Damage Inflicted 7588 | 42 165 320 . 397 2314 2917 1433 Guns 3361 | 42 165 319 . 397 2019 419 . Cannons 2844 | . . . . . 82 1329 1433 Explosions 1331 | . . . . . 162 1169 . Melee . | . . . . . . . . Ramming 52 | . . 1 . . 51 . . Kinetic 1340 | 42 165 256 . 91 786 . . Thermal 4865 | . . 63 . 306 1315 1748 1433 Explosive 1156 | . . . . . 162 994 . Electromagnetic 175 | . . . . . . 175 . Impact . | . . . . . . . . Slashing . | . . . . . . . . Piercing . | . . . . . . . . Highest Corruption 8 | . . . . 8 . . 2 Average Corruption 3 | . . . . 8 . . 1 Corruption Purged . | . . . . . . . . Effects 21 | . . . . 10 . . 11 Message Errors 8 | . . . . 3 . . 5 Matter Fused 4 | . . . . 4 . . . Heat Flow Errors 3 | . . . . 1 . . 2 Energy Discharges 3 | . . . . 1 . . 2 Data Loss (minor) 1 | . . . . . . . 1 Data Loss (major) 1 | . . . . 1 . . . Weapon Failures 1 | . . . . . . . 1 Overload Shots . | . . . . . . . . Overflow Damage 106 | . . . . . . 35 71 Projectiles 100 | . . . . . . 29 71 Explosions 6 | . . . . . . 6 . Melee . | . . . . . . . . Knockbacks . | . . . . . . . . Impact . | . . . . . . . . Kinetic . | . . . . . . . . Secondary . | . . . . . . . . Self-Inflicted Damage 152 | . . . . . . 152 . Shots 6 | . . . . . . 6 . Rammed 5 | . . . . . 5 . . Targets Rammed 7 | . . 1 . . 6 . . Kicked 1 | . . 1 . . . . . Crushed 1 | . . . . . 1 . . Highest Temperature 354 | . 111 184 . 100 198 199 354 Average Temperature 81 | . 42 46 . 29 73 98 117 Received Heat Transfer 2718 | . 138 240 . 36 963 792 549 Effects 2 | . . . . . . . 2 Shutdowns 1 | . . . . . . . 1 Interference 1 | . . . . . . . 1 Siege Activations . | . . . . . . . . Robots Corrupted . | . . . . . . . . Combat Hostiles . | . . . . . . . . Parts Fried 1 | . . . . . . 1 . Impact Corruptions . | . . . . . . . . Robots Melted . | . . . . . . . . Combat Hostiles . | . . . . . . . . Parts Melted 15 | . . . . 1 4 6 4 Heat Transferred 9001 | . . 148 . 804 3078 2904 2067 Parts Sabotaged . | . . . . . . . . Parts Stolen . | . . . . . . . . Parts Stripped . | . . . . . . . . Power Chain Reactions . | . . . . . . . . Missiles Intercepted . | . . . . . . . . Alert | -11 -10 -10 -10 -9 -8 -8 -7 ------- Run | Scr Mat Min Exi Min Mat Gar Fac Peak Influence 774 | 5 133 181 . 50 250 774 473 Initial 406 | . 3 51 . . . 52 406 Average 216 | 1 80 128 . 25 86 442 370 Maximum Alert Level 3 | . . . . . 1 3 2 Low Security (%) 62 | 100 100 100 . 100 96 28 . Level 1 18 | . . . . . 3 17 63 Level 2 16 | . . . . . . 39 36 Level 3 3 | . . . . . . 14 . Level 4 . | . . . . . . . . Level 5 . | . . . . . . . . High Security . | . . . . . . . . Max Security . | . . . . . . . . Squads Dispatched 7 | . 1 . . . 3 . 3 Investigation 5 | . 1 . . . 2 . 2 Extermination 1 | . . . . . . . 1 Reinforcement 1 | . . . . . 1 . . Assault . | . . . . . . . . Garrison . | . . . . . . . . Intercept . | . . . . . . . . Construction Impeded . | . . . . . . . . Haulers Reinforced . | . . . . . . . . Active Scanning Responses . | . . . . . . . . Cargo Convoy Interrupts . | . . . . . . . . Stealth | -11 -10 -10 -10 -9 -8 -8 -7 --------- Run | Scr Mat Min Exi Min Mat Gar Fac Distress Signals 7 | . . . . . 6 . 1 Communications Jammed 1 | . . . . . . . 1 Distress Signals 1 | . . . . . . . 1 Times Spotted 112 | . 6 6 . 6 45 27 22 Peak Tracking Total 11 | . 4 2 . 2 8 11 5 Tactical Retreats 2 | . . . . . . . 2 Traps | -11 -10 -10 -10 -9 -8 -8 -7 ------- Run | Scr Mat Min Exi Min Mat Gar Fac Traps Triggered 2 | . . . . . 2 . . Indirectly . | . . . . . . . . Trap Hack Attempts . | . . . . . . . . Triggered . | . . . . . . . . Disarmed 6 | . . . . . . . 6 Reprogrammed . | . . . . . . . . Reused . | . . . . . . . . Traps Extracted . | . . . . . . . . Installed . | . . . . . . . . Triggered . | . . . . . . . . Machines | -11 -10 -10 -10 -9 -8 -8 -7 ---------- Run | Scr Mat Min Exi Min Mat Gar Fac Machines Disabled 6 | . . . . . . 4 2 Max in Single Turn 1 | . . . . . . 1 1 Garrison Access 2 | . . . . . . . 2 Garrison Relay 4 | . . . . . . 4 . Machines Sabotaged . | . . . . . . . . Garrisons Compromised . | . . . . . . . . Overloaded Fab Kills . | . . . . . . . . Hacking | -11 -10 -10 -10 -9 -8 -8 -7 --------- Run | Scr Mat Min Exi Min Mat Gar Fac Machines Accessed 28 | . 2 . 4 . 15 . 7 Terminals 15 | . 1 . . . 10 . 4 Fabricators 1 | . . . . . . . 1 Repair Stations 1 | . . . . . 1 . . Recycling Units 2 | . 1 . . . 1 . . Scanalyzers 2 | . . . . . 2 . . Garrison Access 3 | . . . . . 1 . 2 Total Hacks 58 | . 5 . 4 . 30 . 19 Successful 37 | . 3 . 4 . 20 . 10 Failed 20 | . 2 . . . 9 . 9 Catastrophic 5 | . 1 . . . 2 . 2 Database Lockouts 1 | . . . . . 1 . . Manual 19 | . 3 . . . 14 . 2 Terminals 37 | . 4 . . . 20 . 13 Fabricators 2 | . . . . . . . 2 Repair Stations 2 | . . . . . 2 . . Recycling Units 2 | . 1 . . . 1 . . Scanalyzers 6 | . . . . . 6 . . Garrison Access 5 | . . . . . 1 . 4 Terminal Hacks 22 | . 2 . 4 . 11 . 5 Record 4 | . . . 4 . . . . Part Schematic 3 | . . . . . 1 . 2 Robot Analysis 2 | . 1 . . . . . 1 Prototype ID Bank 1 | . 1 . . . . . . Emergency Access Points 1 | . . . . . 1 . . Unreport Threat 2 | . . . . . 2 . . Locate Traps 2 | . . . . . 1 . 1 Disarm Traps 1 | . . . . . . . 1 Recall Investigation 1 | . . . . . 1 . . Hauler Manifests 1 | . . . . . 1 . . Zone Layout 4 | . . . . . 4 . . Fabricator Hacks 1 | . . . . . . . 1 Load Schematic 1 | . . . . . . . 1 Repair Station Hacks 2 | . . . . . 2 . . Scan Component 1 | . . . . . 1 . . Repair 1 | . . . . . 1 . . Recycling Unit Hacks 2 | . 1 . . . 1 . . Report Inventory 2 | . 1 . . . 1 . . Scanalyzer 4 | . . . . . 4 . . Insert Component 2 | . . . . . 2 . . Analyze 2 | . . . . . 2 . . Garrison Access Hacks 5 | . . . . . 1 . 4 Unlock Access 1 | . . . . . 1 . . Seal Access 2 | . . . . . . . 2 Coupler Status 2 | . . . . . . . 2 Unauthorized Hacks 1 | . . . . . 1 . . Terminals . | . . . . . . . . Fabricators . | . . . . . . . . Repair Stations . | . . . . . . . . Recycling Units . | . . . . . . . . Scanalyzers 1 | . . . . . 1 . . Extract 1 | . . . . . 1 . . Garrison Access . | . . . . . . . . Data Cores Recovered 1 | . . . . . 1 . . Used . | . . . . . . . . Hacking Detections 20 | . 1 . . . 13 . 6 Full Trace Events 4 | . 1 . . . 1 . 2 Feedback Events . | . . . . . . . . Feedback Blocked . | . . . . . . . . Robot Schematics Acquired . | . . . . . . . . Robots Built . | . . . . . . . . Authchips . | . . . . . . . . Time . | . . . . . . . . Total Robot Build Rating . | . . . . . . . . Part Schematics Acquired 7 | . . . . . 5 . 2 Parts Built . | . . . . . . . . Authchips . | . . . . . . . . Time . | . . . . . . . . Total Part Build Rating . | . . . . . . . . Parts Repaired 1 | . . . . . 1 . . Time 26 | . . . . . 26 . . Parts Recycled . | . . . . . . . . Recycled Matter . | . . . . . . . . Retrieved Matter . | . . . . . . . . Retrieved Components . | . . . . . . . . Parts Scanalyzed 2 | . . . . . 2 . . Part Schematics Acquired 2 | . . . . . 2 . . Parts Damaged . | . . . . . . . . Bothacking | -11 -10 -10 -10 -9 -8 -8 -7 ------------ Run | Scr Mat Min Exi Min Mat Gar Fac Used RIF Installer 1 | . . . . . . 1 . Robots Hacked . | . . . . . . . . Non-combat . | . . . . . . . . Combat . | . . . . . . . . Robot Hacks Applied . | . . . . . . . . Relay Couplers Released 16 | . . . . . . 16 . Machine Destruction 16 | . . . . . . 16 . Attached 1 | . . . . . . . 1 Robots Rewired . | . . . . . . . . Allies Hacked . | . . . . . . . . Hacks Repelled . | . . . . . . . . Allies | -11 -10 -10 -10 -9 -8 -8 -7 -------- Run | Scr Mat Min Exi Min Mat Gar Fac Total Allies . | . . . . . . . . Largest Group . | . . . . . . . . Highest-Rated Group . | . . . . . . . . Highest-Rated Ally . | . . . . . . . . Total Orders . | . . . . . . . . Ally Attacks . | . . . . . . . . Total Damage . | . . . . . . . . Kills . | . . . . . . . . Allies Corrupted . | . . . . . . . . Allies Melted . | . . . . . . . . Intel | -11 -10 -10 -10 -9 -8 -8 -7 ------- Run | Scr Mat Min Exi Min Mat Gar Fac Robot Analysis Total 2 | . 1 . . . . . 1 Derelict Logs Recovered . | . . . . . . . . Drone Launches . | . . . . . . . . Drone Recoveries . | . . . . . . . . Exploration | -11 -10 -10 -10 -9 -8 -8 -7 ------------- Run | Scr Mat Min Exi Min Mat Gar Fac Turns Passed 8689 | 84 253 336 1509 895 2535 1569 1508 Spaces Moved 3927 | 53 130 99 581 314 1343 821 586 Core 3 | 3 . . . . . . . Treads 2368 | . . . . . 1023 821 524 Legs 1556 | 50 130 99 581 314 320 . 62 Wheels . | . . . . . . . . Hover . | . . . . . . . . Flight . | . . . . . . . . Fastest Speed 50 | 50 120 260 260 260 120 158 162 Average Speed 188 | 116 154 260 260 260 151 160 204 Slowest Speed 260 | 120 260 260 260 260 190 162 243 Overloaded Moves . | . . . . . . . . Propulsion Burnouts . | . . . . . . . . Robots Hopped . | . . . . . . . . Cave-ins Triggered . | . . . . . . . . Exploration Rate (%) 49 | 5 19 22 90 75 86 85 11 Regions Visited 7 Branch Regions 3 Pre-discovered Areas . | . . . . . . . . Known Exits Taken 1 | . . . . . 1 . . Unknown Exits Taken 5 | 1 1 1 1 1 . . . Scrap Searched 3 | . . 1 . 2 . . . Spaces Dug 17 | . . . . . 2 15 . Terrain Destroyed 40 | . . . . . 18 15 7 Melee 2 | . . . . . 2 . . Projectile 7 | . . . . . . . 7 AOE 31 | . . . . . 16 15 . Terrain Rammed . | . . . . . . . . Walls Destroyed . | . . . . . . . . Machines Disabled . | . . . . . . . . Actions | -11 -10 -10 -10 -9 -8 -8 -7 --------- Run | Scr Mat Min Exi Min Mat Gar Fac Total 4790 | 66 163 134 580 348 1707 973 819 Wait 281 | . 6 . . . 98 43 134 Move 3919 | 52 129 98 580 313 1342 819 586 Hop . | . . . . . . . . Pick Up 114 | 4 11 3 . 5 59 19 13 Fast Attach 37 | 6 1 1 . . 17 5 7 Attach 33 | . . 2 . 4 17 4 6 Detach 10 | . . 1 . . 7 . 2 Swap 39 | . 1 2 . 2 17 4 13 Drop 95 | . 2 . . . 55 19 19 Fire 253 | 4 13 26 . 24 87 60 39 Melee 2 | . . . . . 2 . . Ram . | . . . . . . . . Kick 1 | . . 1 . . . . . Crush 6 | . . . . . 6 . . Escape Stasis . | . . . . . . . . Rewire . | . . . . . . . . Trap . | . . . . . . . . Miscellaneous . | . . . . . . . . Route ------- -11/Scrapyard -10/Materials -10/Mines (discovered 2 exits: [*Mat] / *Exi) -10/Exiles (discovered 2 exits: [*Min x2]) -9/Mines -8/Materials (discovered 4 exits: *Fac x3 / Gar) -8/Garrison (discovered 3 exits: *Fac x3) -7/Factory (discovered 1 exit: [*Fac]) History --------- Turn | Location | Event 8 | -11/Scrapyard | Discovered new exit (range 15) 85 | -11/Scrapyard | Entered Materials 85 | -10/Materials | Discovered new exit (range 8) 305 | -10/Materials | Build established: Mutant 338 | -10/Materials | Entered Mines 451 | -10/Mines | Discovered new exit (range 7) 656 | -10/Mines | Deemed a non-threat by the Exiles lab entrance 659 | -10/Mines | Discovered new exit (range 5) 674 | -10/Mines | Entered Exiles 674 | -10/Exiles | Found Exiles lab abandoned 855 | -10/Exiles | Build established: Scavenger-Mutant 1808 | -10/Exiles | Discovered new exit (range 15) 2136 | -10/Exiles | Discovered new exit (range 15) 2183 | -10/Exiles | Entered Mines 2184 | -9/Mines | Assembled infested the area 2831 | -9/Mines | Core integrity fell below 50% 2861 | -9/Mines | Lost 3 parts (1n1u1w) 3036 | -9/Mines | Discovered new exit (range 16) 3078 | -9/Mines | Entered Materials 3078 | -8/Materials | Evolved 4 slots: Propulsion x3, Utility x1 3298 | -8/Materials | Lost 12 parts (7n2u3w) 3421 | -8/Materials | Discovered new exit (range 4) 3545 | -8/Materials | Central database locked down 3671 | -8/Materials | Lost 5 parts (3n1u1w) 3718 | -8/Materials | Discovered new exit (range 8) 4840 | -8/Materials | Discovered new exit (range 16) 5222 | -8/Materials | Repaired Hcp. Storage Unit 5273 | -8/Materials | Build established: Mutant 5612 | -8/Materials | Identified exit to Garrison 5613 | -8/Materials | Entered Garrison 5679 | -8/Garrison | Triggered checkpoint 5786 | -8/Garrison | Discovered new exit (range 13) 5815 | -8/Garrison | Installed Relay Interface Framework 5874 | -8/Garrison | Triggered checkpoint 5895 | -8/Garrison | Garrison Relay disabled 6015 | -8/Garrison | Triggered checkpoint 6090 | -8/Garrison | Lost 3 parts (1n2w) 6099 | -8/Garrison | Destroyed 11 combat bots 6206 | -8/Garrison | Discovered new exit (range 13) 6328 | -8/Garrison | Triggered checkpoint 6333 | -8/Garrison | Core integrity fell below 50% 6374 | -8/Garrison | Garrison Relay disabled 6388 | -8/Garrison | Triggered checkpoint 6656 | -8/Garrison | Triggered checkpoint 6699 | -8/Garrison | Garrison Relay disabled 6745 | -8/Garrison | Discovered new exit (range 10) 6870 | -8/Garrison | Triggered checkpoint 6930 | -8/Garrison | Triggered checkpoint 6988 | -8/Garrison | Garrison Relay disabled 7182 | -8/Garrison | Entered Factory 7182 | -7/Factory | Evolved 2 slots: Utility x2 7186 | -7/Factory | Discovered new exit (range 15) 7299 | -7/Factory | Build established: Bothacker-Mutant 8666 | -7/Factory | Build established: Scavenger-Mutant 8690 | -7/Factory | Self-destructed Last Messages --------------- 08576_ DWADIVCWQT4071H6ZIX 08645_ Dropped Gravmag System. 08671_ Fabricator completes G-47 Trooper. 08671_ Critical hit (Burn: +37). 08678_ System corrupted: Heat flow error (+170). 08679_ Discarded Relay Coupler [Sentry]. 08680_ Aluminum Leg destroyed. 08684_ G-47 Trooper heat damages Aluminum Leg, Aluminum Leg, Particle Gun, Imp. Heat Sink. 08684_ Destroyed Aluminum Leg. 08684_ Destroyed Imp. Heat Sink. 08684_ Destroyed Aluminum Leg. 08684_ Destroyed Particle Gun. 08684_ Gravmag System destroyed. 08684_ G-47 Trooper overheating. 08686_ Critical hit (Burn: +37). 08686_ G-47 Trooper overheating. 08687_ Lgt. Nuclear Core melted. 08687_ G-47 Trooper destroyed. Map ----- +----------------------------------------------------+ | ?????????????????????????????????????????????? | | ?????????????????????????????????????????????? | | ?????????????????????????????????????????????? | | ?????????????????????????????????????????????? | | ?????????????????????????????????????????????? | | ?????????????????????????????????????????????? | | ?????????????????????????????????????????????? | | ?????????????????????????????????????????????? | | ?????????????????????????????????????????????? | | ?????????????????????????????????????????????? | | ?????????????????????????????????????????????? | | ?????????????????????????????????????????????? | | ?????????????????????????????????????????????? | | ?????????????????????????????????????????????? | | ?????????????????????????????????????????????? | | ?????????????????????????????????????????????? | | ?????????????? ????????????????????????????? | | ???????????? ????????????????????????????? | | ???????????# ????????????????????????????? | | ???????????# ????????????????????????????? | | ???????????# #???????????????????????????? | | ???????????# ##############??????????????? | | ???????????# # #??????????????? | | ???????????# # """"" #??????????????? | | ???????????# # ""gF" " " #??????????????? | | ???????????# # ""@"" " " !#??????????????? | | ???????????# # g% " " #??????????????? | | ???????????# # " " #??????????????? | | ???????????# # " " #??????????????? | | ???????????# #= " " #??????????????? | | ???????????# #= " " #??????????????? | | ???????????+ + ! " " +??????????????? | | ???????????# # " " #??????????????? | | ???????????# # #??????????????? | | ?????#+???## ######/#######??????????????? | | ?????# ???# #????g ????????????????????? | | ?????# #### #???? ????????????????????? | | ?????# T" #???? ????????????????????? | | ?????# " #???? ????????????????????? | | ?????# #????? ???????????????????? | | ?????### ## #??????????????????????????? | | ???????# ## #??????????????????????????? | | ???????# #### ###??????????????????????????? | | ???????# #??# #????????????????????????????? | | ???????# #??# #????????????????????????????? | | ???????# #??# #????????????????????????????? | | ???????# #??# ##???????????????????????????? | | ???????# ##?# ????????????????????????????? | | ???????# =#?# ##???????????????????????????? | | ??######+#### #????????????????????????????? | +----------------------------------------------------+ Best States ------------- Heat Dissipation 39 Coolant Potential 130 Energy Generation 15 Energy Capacity 280 Matter Stores 300 Matter Capacity 300 Sight Range 16 Terrain Scan Density 10 Jamming Range 8 Armor Coverage 450 Evasion (%) 55 Targeting Accuracy 8 Recoil Reduction 5 Relay Coupler Types 1 Relay Coupler Value 20 Item Schematics ----------------- Carbon-fiber Leg | -8/Materials | Hacked Adv. Targeting Computer | -8/Materials | Scanalyzed Cryofiber Web | -8/Materials | Scanalyzed Lrn. Tractor Beam | -8/Materials | Extracted Hvy. Particle Gun | -8/Materials | Extracted Enh. Gauss Cannon | -7/Factory | Hacked Flexi-carbon Leg | -7/Factory | Hacked Robot Schematics ------------------ None Fabricated ------------ Nothing Alien Tech Used ----------------- None Achievements -------------- None Challenges ------------ None Game ------ Seed PhasingGuidanceBarrier Manual? 0 Play Time 01:14:17 Cumulative 276.8 hours Start 2021.10.21 @ 17:32:05 End 2021.10.21 @ 18:54:00 Sessions 1 Manual Loads 0 Difficulty Rogue Special Mode None Game No. 203 Rogue 203 Adventurer 0 Explorer 0 Win Type - Total 1 Types 1/0/0/0/0/0/0/0/0 Lore% 58 Gallery% 68 Achievement% 47 Wizard Run 0 Options --------- ASCII 0 Keyboard 0 Movement Arrows Keybinds 0 Fullscreen 1 Font 18/SmallcapsGlow Map View 76x50 Tactical HUD 1 Map Filters NONE Filters NONE Steam 1 RUN: 2dda6123-c83b-402a-a4c9-b9b6ef1ff4c3